 Dungeon Crawl Stone Soup version 0.28.0-53-g5a82cb258f (webtiles) character file.

Game seed: 5369164015100164913

26 Descartes the Grasshopper (level 3, -3/27 HPs)
             Began as a Formicid Warper on June 1, 2022.
             Slain by Sigmund
             ... wielding a +0 scythe
              (10 damage)
             ... on level 2 of the Dungeon.
             The game lasted 00:01:33 (1552 turns).

Descartes the Grasshopper (Formicid Warper)         Turns: 1552, Time: 00:01:33

Health: -3/27      AC:  3    Str: 17    XL:     3   Next: 22%
Magic:  6/6        EV: 11    Int: 12    God:
Gold:   21         SH:  0    Dex: 10    Spells: 6/6 levels left

rFire   . . .      SeeInvis +   a - +0 hand axe
rCold   . . .      Faith    .   (no shield)
rNeg    . . .      Spirit   .   b - +0 leather armour
rPois   .          Reflect  .   (helmet unavailable)
rElec   .          Harm     .   (no cloak)
rCorr   .          Rampage  .   (no gloves)
Will    .....                   (no boots)
Stlth   +.........              (no amulet)
HPRegen 0.09/turn               (no ring)
MPRegen 0.10/turn               (no ring)

@: brilliant
A: permanent stasis, dig shafts and tunnels, antennae 3, four strong arms
a: Dig, Shaft Self


You were on level 2 of the Dungeon.
You visited 1 branch of the dungeon, and saw 2 of its levels.

You collected 21 gold pieces.

Inventory:

Hand Weapons
 a - a +0 hand axe (weapon)
Missiles
 c - 5 boomerangs of dispersal (quivered)
 d - 43 stones
 g - 3 poisoned darts
Armour
 b - a +0 leather armour (worn)
Jewellery
 f - a ring of protection from fire
 h - a +6 ring of dexterity
Scrolls
 i - a scroll of noise {unknown}
 k - a scroll of fear {unknown}


   Skills:
 - Level 2.1 Fighting
 + Level 2.3 Axes
 - Level 1.0 Throwing
 + Level 1.8 Armour
 - Level 1.7 Dodging
 + Level 1.4 Shields
 - Level 2.1 Spellcasting
 + Level 3.0 Translocations


You had 6 spell levels left.
You didn't know any spells.
Your spell library contained the following spells:

 Spells                   Type           Power      Damage    Failure   Level
 Gell's Gravitas          Tloc           12%        N/A       28%         3
 Lesser Beckoning         Tloc           12%        N/A       28%         3
 Teleport Other           Tloc           12%        N/A       28%         3
 Manifold Assault         Tloc           12%        N/A       95%         5
 Blink                    Tloc           Unusable   N/A       N/A         2

Dungeon Overview and Level Annotations

Branches:
Dungeon (2/15)

Altars:

Annotations:
D:2 Sigmund


Innate Abilities, Weirdness & Mutations

You cannot be hasted, slowed, berserked, paralysed or teleported.
You can dig through walls and to a lower floor.
You have a pair of large antennae on your head. (SInv)
Your four strong arms can wield two-handed weapons with a shield.


Message History

You climb upwards.
There is a stone staircase leading down here.
Unknown command.
Unknown command.
You're too confused to move!
You're too confused to move!
You start resting.
You feel less confused.
There is a stone staircase leading down here.
You start resting.
HP restored.
You climb downwards.
Level annotation: Sigmund Sigmund hits you from afar with a +0 scythe!
There is a stone staircase leading up, spattered with blood here.
You barely miss Sigmund. Sigmund hits you with a +0 scythe!
* * * LOW HITPOINT WARNING * * *
You closely miss Sigmund. Sigmund hits you with a +0 scythe.
* * * LOW HITPOINT WARNING * * *
You hit Sigmund.
Sigmund is lightly wounded.
Sigmund gestures at you while chanting.
You are confused.
It was a potion of brilliance.
You feel clever all of a sudden. Sigmund barely misses you.
It was a potion of heal wounds.
You feel much better.
You're too confused to move!
Sigmund misses you. Sigmund hits you with a +0 scythe!
You're too confused to move!
Sigmund hits you from afar with a +0 scythe!
There is a stone staircase leading up, spattered with blood here.
You bump into the rock wall.
You feel less confused.
Sigmund hits you from afar with a +0 scythe.
* * * LOW HITPOINT WARNING * * *
You hit Sigmund.
Sigmund is moderately wounded.
Sigmund hits you with a +0 scythe!
You die...

#..รท..8.####.#.
#
#.......!.##.#...
#..........
#....#..#.#
#.#..##.#.#
#.#..##.#.# #
#.#..##.#.#
##.#[##@#..##.#.#
.......@......#.#
...####.<...<...#
####[#..########
#.#..........
#.#.########)
#.#.# #.#.# #.#.#
#.#


You could see Sigmund.

Vanquished Creatures
  A dart slug (D:1)
  3 endoplasms
  A giant cockroach (D:1)
  4 goblins (D:1)
  A hobgoblin (D:1)
  A quokka (D:1)
  A ball python (D:1)
  A bat (D:1)
  4 frilled lizards (D:1)
  5 kobolds (D:1)
  A rat (D:1)
23 creatures vanquished.

Notes
Turn   | Place    | Note
-------+----------+-------------------------------------------
     0 | D:1      | Descartes the Formicid Warper began the quest for the Orb.
     0 | D:1      | Reached XP level 1. HP: 16/16 MP: 3/3
   341 | D:1      | Reached XP level 2. HP: 22/22 MP: 5/5
   452 | D:1      | Reached skill level 1 in Shields
   680 | D:1      | Reached XP level 3. HP: 22/27 MP: 6/6
   807 | D:1      | Reached skill level 3 in Translocations
  1352 | D:2      | Noticed Sigmund
  1552 | D:2      | Slain by Sigmund

Illustrated notes

Levels and vault maps discovered:
D:1:      shiori_shiawase, layout_loops_ring
D:2:      layout_loops_ring, shapermc_ecumenical_altar_pompeii, basic_altar,
          uniq_sigmund, uniq_jessica

Skill      XL: |  1  2  3 |
---------------+----------+-----
Shields        | 1 |  1.4
Translocations | 3 |  3.0
Fighting       | |  2.1
Axes           | |  2.3
Throwing       | |  1.0
Armour         | |  1.8
Dodging        | |  1.7
Spellcasting   | |  2.1

Action                   || total
-------------------------++-------
Melee: Hand axe          ||    57
  Use: Potion            ||     2
Armor: Leather armour    ||    13
Dodge: Dodged            ||    19
